cohdb
Replays
Latest Replays
All Replays
Popular Replays
Top Player Replays
Match Explorer
How It Works
Community
CoH3 Stats
Reddit
Sign in to upload your games and track your stats! →
Sign in with Steam
just learn how to play
Match 16371835
Overview
Messages
Build Orders
End
Kettenkrad Recon Vehicle
Selects Italian Coastal Battlegroup
Selects Coastal Reserves
Coastal Reserve
Coastal Reserve
Coastal Reserve
Construct Infanterie Kompanie
Medical Bunker
MG 42 Machine Gun Team
Selects Artillery Officer
Construct Panzergrenadier Kompanie
Panzergrenadier Squad
MG 42 Bunker
Selects Support Bunkers
Selects Designated Artillery Overwatch
MG 42 Bunker
Pak 40 Anti-tank Gun Team
Medical Bunker
Construct Panzer Kompanie
Panzer IV Medium Tank
Selects Bulwark
Pioneer Squad
Artillery Officer
Selects Obice da 210/22 Artillery Emplacement
Panzer IV Medium Tank
Panzer IV Medium Tank
Panzer Officer Quarters
MG 42 Machine Gun Team
Side Skirts
Panzer IV Medium Tank
Repair Bunker
Repair Bunker
Panzer IV Medium Tank
Repair Bunker
MG 42 Bunker
Designated Artillery Overwatch
Medical Bunker
Panzergrenadier Squad
Coastal Reserve
Coastal Reserve
Artillery Officer
Barry Chuckle
BlueSkidrow™
Lord Blackwood
gonky
0
0
Comments
sign in to comment!
No comments posted yet!